 Dungeon Crawl Stone Soup version 0.20.1-1-g8b1a95d (webtiles) character file.

247 letownia2 the Grave Robber (level 5, 0/42 HPs)
             Began as a Deep Dwarf Necromancer on Nov 5, 2017.
             Slain by a centaur skeleton (2 damage)
             ... on level 5 of the Dungeon.
             The game lasted 00:04:42 (1798 turns).

letownia2 the Grave Robber (Deep Dwarf Necromancer) Turns: 1798, Time: 00:04:43

Health: 0/42       AC:  5    Str: 12    XL:     5   Next: 85%
Magic:  8/8        EV: 11    Int: 16    God:
Gold:   57         SH:  0    Dex: 13    Spells: 5/9 levels left

rFire    . . .     SeeInvis .   a - +0 dagger
rCold    . . .     Gourm    .   (no shield)
rNeg     . . .     Faith    .   l - +0 ring mail
rPois    .         Spirit   .   (no helmet)
rElec    .         Reflect  .   (no cloak)
rCorr    .         Harm     .   (no gloves)
MR       .....                  (no boots)
Stlth    +.........             (no amulet)
Regen    0.0/turn               (no ring)
MPRegen  0.2/turn               (no ring)

@: non-regenerating
A: damage resistance, heal wounds, sense surroundings 1, no regeneration
a: Heal Wounds


You were on level 5 of the Dungeon.
You were not hungry.

You visited 1 branch of the dungeon, and saw 5 of its levels.

You collected 57 gold pieces.

Inventory:

Hand Weapons
 a - a +0 dagger (weapon)
Missiles
 i - an exploding tomahawk (quivered)
Armour
 g - a +0 robe
 l - a +0 ring mail (worn)
 o - a +0 scale mail
Scrolls
 d - a scroll of remove curse {unknown}
Potions
 e - a potion of degeneration {unknown}
 h - a potion of brilliance {unknown}
 k - a potion of haste {unknown}
 n - a potion of cancellation {unknown}
Books
 b - a book of Necromancy

   Spells                             Type                      Level
   a - Pain                           Necromancy                   1
   b - Animate Skeleton               Necromancy                   1
   c - Vampiric Draining              Necromancy                   3
   d - Regeneration                   Charms/Necromancy            3
   e - Animate Dead                   Necromancy                   4
   f - Control Undead                 Necromancy                   4
Comestibles
 c - 2 bread rations
 f - a meat ration
 j - 2 chunks of flesh
 m - a royal jelly


   Skills:
 - Level 2.8 Armour
 - Level 2.1 Dodging
 - Level 2.4 Stealth
 + Level 2.5 Spellcasting
 + Level 6.7 Necromancy


You had 5 spell levels left.
You knew the following spells:

 Your Spells              Type           Power        Failure   Level  Hunger
a - Pain                  Necr           ###.         2%          1    #......
v - Vampiric Draining     Necr           ###.......   9%          3    ###....


Dungeon Overview and Level Annotations

Branches:
Dungeon (5/15)
 Temple: D:4-7

Altars:
Dithmenos
Hepliaklqana

Annotations:
D:3 Robin


Innate Abilities, Weirdness & Mutations

You are resistant to damage.
You can heal yourself by infusing magical energy.
You passively map a small area around you.
You do not regenerate.


Message History

The centaur skeleton is lightly damaged.
The centaur skeleton closely misses you.
The iguana hisses menacingly.
You hit the centaur skeleton.
The centaur skeleton is lightly damaged.
The centaur skeleton misses you.
Unknown command.
The centaur skeleton closely misses you.
The centaur skeleton hits you but does no damage.
The centaur skeleton barely misses you.
The centaur skeleton closely misses you.
Found 27 bolts.
The centaur skeleton hits you but does no damage.
There is a stone staircase leading up here.
The centaur skeleton hits you. The centaur skeleton hits you.
* * * LOW HITPOINT WARNING * * *
The centaur skeleton closely misses you.
The centaur skeleton hits you.
You die...

, * * * * ##########
#. #........# * #.#
#........# ##...# #!#
#........# #.....*#.#
#...$.%..# #.....##.#
#........# ,
#.....##.# #.@Z.....#
#)....##.###.l......#
#.....##l..#.r......#
#.......<#.#........#
#.....l###..........#
#....r...#.##########
#....l##.#w#
#)....##.#.#
####....(#.#


You could see a worm, an iguana, a quokka and a centaur skeleton.

Vanquished Creatures
  An ogre (D:4)
  2 hounds (D:4)
  A bullfrog skeleton (D:4)
  A worker ant (D:4)
  3 adders (D:4)
  An adder skeleton (D:4)
  2 leopard geckos (D:4)
  3 goblins
  6 hobgoblins
  A ball python (D:4)
  2 frilled lizards
  2 kobolds
  A quokka skeleton (D:4)
  A rat (D:3)
27 creatures vanquished.

Notes
Turn   | Place    | Note
-------+----------+-------------------------------------------
     0 | D:1      | letownia2 the Deep Dwarf Necromancer began the quest for the Orb.
     0 | D:1      | Reached XP level 1. HP: 15/15 MP: 3/3
   489 | D:3      | Reached XP level 2. HP: 17/22 MP: 3/5
   590 | D:4      | Reached skill level 5 in Necromancy
   590 | D:4      | Reached XP level 3. HP: 22/28 MP: 1/6
   602 | D:4      | Learned a level 3 spell: Vampiric Draining
   659 | D:4      | Reached skill level 1 in Armour
   659 | D:4      | Reached XP level 4. HP: 27/36 MP: 0/7
   750 | D:4      | Found a shadowy altar of Dithmenos.
   763 | D:4      | Noticed an ogre
   770 | D:4      | Killed an ogre
   770 | D:4      | Reached skill level 6 in Necromancy
   770 | D:4      | Reached XP level 5. HP: 32/42 MP: 2/8
   869 | D:4      | Found a hazy altar of Hepliaklqana.
  1489 | D:5      | Entered Level 5 of the Dungeon
  1489 | D:5      | Noticed an ogre
  1543 | D:5      | HP: 2/42 [shadow imp/nerve-wracking pain (10)]
  1600 | D:3      | Noticed Robin
  1794 | D:5      | HP: 2/42 [centaur skeleton (2)]
  1798 | D:5      | Slain by a centaur skeleton

Skill      XL: |  1  2  3  4 |
---------------+-------------+-----
Spellcasting   | 2 |  2.5
Necromancy     | 5 6 |  6.7
Armour         | 1 2 |  2.8
Dodging        | |  2.1
Stealth        | |  2.4

Action                   |  1- 3 |  4- 6 || total
-------------------------+-------+-------++-------
Melee: Dagger            |    23 |    57 ||    80
       Unarmed           |     3 |       ||     3
Throw: Tomahawk          |       |     2 ||     2
 Cast: Pain              |    23 |    10 ||    33
       Vampiric Draining |     1 |    12 ||    13
 Stab: Sleeping          |     1 |       ||     1
  Eat: Chunk             |       |     5 ||     5
Armor: Robe              |     1 |       ||     1
       Ring mail         |     8 |    23 ||    31
Dodge: Dodged            |    28 |    55 ||    83
